 Dungeon Crawl Stone Soup version 0.31-a0-844-gdc52ec4e09 (webtiles) character file.

Game seed: 13513329931718962900

220 LeprechaunX the Changeling (level 5, -10/35 HPs)
             Began as an Octopode Shapeshifter on Sept 28, 2023.
             Mangled by an ogre
             ... wielding a +0 giant spiked club
              (19 damage)
             ... on level 4 of the Dungeon.
             The game lasted 00:02:43 (2718 turns).

LeprechaunX the Changeling (Octopode Shapeshifter)  Turns: 2718, Time: 00:02:43

Health: -10/35     AC:  1    Str: 16    XL:     5   Next: 97%
Magic:  5/5        EV: 13    Int: 15    God:
Gold:   187        SH:  0    Dex: 11    Spells: 4/4 levels left

rFire   . . .        q - +7 hand axe of the Queen {heavy, rElec Int+3}
rCold   . . .        (no shield)
rNeg    . . .        (helmet currently unavailable)
rPois   .            (no amulet)
rElec   +            p - ring of willpower
rCorr   .            (no ring)
SInv    .            (no ring)
Will    +....        (no ring)
Stlth   ++           (no ring)
HPRegen 0.25/turn    (no ring)
MPRegen 0.09/turn    (no ring)
                     (no ring)

%: no passive effects
@: beast-form
A: beast (slay +2), almost no armour, amphibious, 8 rings, camouflage 1,
gelatinous body 1, (nimble swimmer 1), tentacles
a: Begin Untransformation


You were on level 4 of the Dungeon.
You were a hulking beast.
You visited 1 branch of the dungeon, and saw 4 of its levels.

You collected 187 gold pieces.

Inventory:

Hand Weapons
 q - the +7 hand axe of the Queen (weapon) {heavy, rElec Int+3}
   (You found it on level 3 of the Dungeon)

   Int+3:     It affects your intelligence (+3).
   rElec:     It insulates you from electricity.
Jewellery
 p - a ring of willpower (left tentacle)
Talismans
 b - a beast talisman (active)
 c - a flux talisman
 k - a serpent talisman
Wands
 j - a wand of charming (8)
 s - a wand of flame (22)
Scrolls
 d - 2 scrolls of teleportation {unknown}
 e - 5 scrolls of identify {unknown}
 l - a scroll of fog {unknown}
 m - a scroll of amnesia {unknown}
 n - 2 scrolls of butterflies {unknown}
 o - a scroll of torment {unknown}
 r - a scroll of vulnerability {unknown}
Potions
 a - a potion of lignification
 f - a potion of mutation {unknown}
 g - 2 potions of cancellation {unknown}
 h - 7 potions of curing {unknown}
 i - 2 potions of magic {unknown}


   Skills:
 + Level 2.5 Fighting
 + Level 3.1 Dodging
 + Level 3.8 Unarmed Combat
 * Level 4.4 Shapeshifting


You had 4 spell levels left.
You didn't know any spells.
Your spell library was empty.

Dungeon Overview and Level Annotations

Branches:
Dungeon (4/15)
 Temple: D:4-7

Altars:

Annotations:
D:3 3 runed translucent doors, jakobj's ghost, weakling DsNe


Innate Abilities, Weirdness & Mutations

You are a hulking beast.
Your limbs bulge with bestial killing power. (Slay +2)
You cannot wear most types of armour.
You are amphibious.
You can wear up to eight rings at the same time.
Your skin changes colour to match your surroundings (Stealth+).
Your rubbery body absorbs attacks. (AC +1, EV +1)
((You are camouflaged when in or above water. (Stealth+)))
You have tentacles for arms and can constrict up to eight enemies at once.


Message History

You start resting.
HP restored.
You climb downwards.
There is a stone staircase leading up here.
The gnoll hits you from afar with a +0 halberd.
The gnoll misses you.
You slash the gnoll! You grab the gnoll. You squeeze the gnoll.
You kill the gnoll!
Things that are here:
a +0 halberd; a gnoll corpse HP restored.
Items here: )) ††.
You see here a +0 spear.
h - 7 fuming blue potions (gained 1)
s - a wand of flame (22)
You see here a +0 leather armour.
A goblin comes into view. It is wielding a +0 club.
A goblin is nearby!
A goblin is nearby!
The helpless goblin fails to defend itself.
You slash the goblin!
You kill the goblin!
No target in view!
An ogre comes into view. It is wielding a +0 giant spiked club.
An ogre is nearby!
An ogre is nearby!
An ogre is nearby!
The ogre misses you.
You slash the ogre! You squeeze the ogre.
The ogre is heavily wounded.
The ogre hits you with a +0 giant spiked club!!
Ouch! That really hurt!
* * * LOW HITPOINT WARNING * * *
You are too injured to fight recklessly!
You are too injured to fight recklessly!
You slash the ogre!
The ogre is almost dead.
The ogre hits you with a +0 giant spiked club!!
Ouch! That really hurt!
You die...

######### ......).# #
####.####
#.##.......##########
#.....#..............
####..####...hO..#
#..# #######.# #..#
#..# #..# #######..#
.....[...# .........#
#.########


You could see an ogre.

Vanquished Creatures
  An ogre (D:3)
  5 adders
  4 gnolls (D:4)
  A worm (D:2)
  3 dart slugs
  2 ball pythons (D:1)
  5 endoplasms
  2 giant cockroaches (D:1)
  2 goblins
  5 hobgoblins
  A quokka (D:1)
  5 bats
  A frilled lizard (D:1)
  6 kobolds
  5 rats
48 creatures vanquished.

Notes
Turn   | Place    | Note
-------+----------+-------------------------------------------
     0 | D:1      | LeprechaunX the Octopode Shapeshifter began the quest for
                  | the Orb.
     0 | D:1      | Reached XP level 1. HP: 13/13 MP: 1/1
    97 | D:1      | Reached XP level 2. HP: 18/18 MP: 2/2
   855 | D:2      | Found a faded altar of an unknown god.
   935 | D:2      | Reached XP level 3. HP: 18/23 MP: 3/3
  1268 | D:2      | Reached XP level 4. HP: 29/29 MP: 4/4
  1641 | D:3      | Identified the +7 hand axe of the Queen {heavy, rElec
                  | Int+3}
  1700 | D:3      | Noticed an ogre
  1895 | D:3      | Killed an ogre
  1896 | D:3      | Reached skill level 4 in Shapeshifting
  1896 | D:3      | Reached XP level 5. HP: 35/35 MP: 5/5
  2412 | D:3      | Found a runed translucent gate.
  2412 | D:3      | Found a runed translucent gate.
  2412 | D:3      | Found a runed translucent gate.
  2414 | D:3      | Noticed jakobj's ghost (weakling DsNe)
  2713 | D:4      | Noticed an ogre
  2718 | D:4      | Mangled by an ogre

Illustrated notes

Levels and vault maps discovered:
D:1:      dpeg_arrival_round_b, layout_loops_corners
D:2:      layout_basic, hellmonk_ecumenical_altar_crossroads, chequers_big_river
D:3:      layout_basic, gammafunk_ghost_necromancy
D:4:      layout_loops_ring, uniq_natasha

Skill      XL: |  1  2  3  4 |
---------------+-------------+-----
Fighting       | 2 |  2.5
Dodging        | 3 |  3.1
Shapeshifting  | 4 |  4.4
Unarmed Combat | |  3.8

Action                     |  1- 3 |  4- 6 || total
---------------------------+-------+-------++-------
  Melee: Unarmed           |    59 |    24 ||    83
         Constrict         |    20 |     5 ||    25
         Tentacles         |    11 |     8 ||    19
         Punch             |     4 |     1 ||     5
         Hand axe          |       |    12 ||    12
    Use: Potion            |       |     1 ||     1
   Stab: Sleeping          |     7 |     2 ||     9
 Armour: Skin              |    22 |    16 ||    38
  Dodge: Dodged            |    38 |    17 ||    55

Table legend: (Time is in decaauts)
 A = Elapsed time spent in this place.
 B = Non-inter-level travel time spent in this place.
 C = Inter-level travel time spent in this place.
 D = Time resting spent in this place.
 E = Time spent auto-exploring this place.
 F = Levels seen in this place.
 G = Mean time per level.
                   A        B        C        D        E       F      G
               +--------+--------+--------+--------+--------+-----+--------+
         Total |   2722 |   2584 |    138 |    416 |   1756 |   4 |  680.5 |
       Dungeon |   2722 |   2584 |    138 |    416 |   1756 |   4 |  680.5 |
               +--------+--------+--------+--------+--------+-----+--------+

Top non-repeatable levels by time:
     D:3: 1085 daAuts
     D:1: 838 daAuts
     D:2: 724 daAuts
     D:4: 73 daAuts
